 Dungeon Crawl Stone Soup version 0.20-a0-959-gdc9e609 (webtiles) character file.

57 Hybris the Sneak (level 3, -2/18 HPs)
             Began as a Spriggan Assassin on Apr 6, 2017.
             Killed by divine providence
             ... invoked by an orc priest
              (14 damage)
             ... on level 3 of the Dungeon.
             The game lasted 00:03:59 (1910 turns).

Hybris the Sneak (Spriggan Assassin)                Turns: 1910, Time: 00:04:00

Health: -2/18      AC:  3    Str:  7    XL:     3   Next: 73%
Magic:  4/4        EV: 17    Int: 12    God:
Gold:   62         SH:  0    Dex: 18    Spells: 2/2 levels left

rFire    + + .     SeeInvis +   s - +2 short sword (elec)
rCold    x . .     Gourm    .   (shield restricted)
rNeg     . . .     Faith    .   c - +0 robe
rPois    .         Spirit   .   (helmet restricted)
rElec    .         Reflect  .   d - +0 cloak
rCorr    .         Harm     .   (gloves unavailable)
MR       .....                  (boots unavailable)
Stlth    ++++......             (no amulet)
Regen    0.1/turn               k - ring of fire
MPRegen  0.1/turn               m - ring of protection from fire

@: very quick
A: unfitting armour, see invisible, herbivore 3, speed 3, slow metabolism 2
a: no special abilities


You were on level 3 of the Dungeon.
You were not hungry.

You visited 1 branch of the dungeon, and saw 3 of its levels.

You collected 62 gold pieces.

Inventory:

Hand Weapons
 a - a +2 dagger
 b - a +0 blowgun
 s - a +2 short sword of electrocution (weapon)
Missiles
 e - 8 poisoned needles
 f - 2 curare-tipped needles
Armour
 c - a +0 robe (worn)
 d - a +0 cloak (worn)
Jewellery
 k - a ring of fire (left hand)
 m - a ring of protection from fire (right hand)
Scrolls
 h - a scroll of acquirement {unknown}
 l - 2 scrolls of magic mapping
 n - a scroll of fog {unknown}
 q - a scroll of teleportation {unknown}
 r - a scroll of remove curse {unknown}
Potions
 j - 2 potions of cancellation {unknown}
 o - a potion of flight {unknown}
 p - a potion of heal wounds {unknown}
Comestibles
 g - a bread ration
 i - 2 royal jellies


   Skills:
 - Level 1.5 Fighting
 * Level 4.0 Short Blades
 - Level 2.0 Throwing
 - Level 1.5 Dodging
 + Level 6.6 Stealth


You had 2 spell levels left.
You didn't know any spells.

Dungeon Overview and Level Annotations

Branches:
Dungeon (3/15)

Altars:
Wu Jian


Innate Abilities, Weirdness & Mutations

You are very small and have problems with some larger weapons.
You are too small for most types of armour.
You have supernaturally acute eyesight. (SInv)
You are a herbivore.
You cover ground extremely quickly.
You need consume almost no food.


Message History

You hit the orc.
The orc is lightly wounded.
You hear a shout!
The bat closely misses you. The orc hits you but does no damage.
There is an open door here.
You hit the bat.
You kill the bat!
You barely miss the orc. The orc misses you.
You hit the orc. Lightning courses through the orc!
You kill the orc!
Your Short Blades skill increases to level 4!
You hit the orc but do no damage. Lightning courses through the orc!
You kill the orc!
The orc priest invokes the aid of Beogh against you.
You struggle to resist.
You barely miss the orc.
The orc priest calls down the wrath of Beogh upon you.
Beogh smites you!
Ouch! That really hurt!
You die...

. ...# #.
...# ##.#
+#...#
....###....
### #........
....
#.....$♣.....
#....lo......
###oK...#
##.@#o..#..#
#...#...#
#<.##...#
#### ....#
....# ...##
..##


You could see an orc priest, an orc, a kobold and a frilled lizard.

Vanquished Creatures
  2 oozes
  2 dart slugs
  2 orcs (D:3)
  2 giant cockroaches
  2 goblins
  9 hobgoblins
  7 kobolds
  A quokka (D:2)
  3 ball pythons (D:1)
  5 bats
  3 frilled lizards
  3 rats
41 creatures vanquished.

Notes
Turn   | Place    | Note
-------+----------+-------------------------------------------
     0 | D:1      | Hybris the Spriggan Assassin began the quest for the Orb.
     0 | D:1      | Reached XP level 1. HP: 10/10 MP: 2/2
   141 | D:2      | Reached skill level 6 in Stealth
   152 | D:2      | Reached XP level 2. HP: 12/14 MP: 3/3
   953 | D:1      | Reached XP level 3. HP: 14/18 MP: 4/4
  1829 | D:2      | Found an ornate altar of the Wu Jian Council.
  1910 | D:3      | Killed from afar by an orc priest

Vault maps used:
D:1:      minmay_arrival_glassed_features, chequers_big_river, dk_noncrumbling_4
D:2:      lemuel_coloured_pillars_altar
D:3:      first_bread, grunt_ministairs_6

Skill      XL: |  1  2  3 |
---------------+----------+-----
Stealth        | 6 |  6.6
Short Blades   | 3 4 |  4.0
Fighting       | |  1.5
Throwing       | |  2.0
Dodging        | |  1.5

Action                   || total
-------------------------++-------
Melee: Dagger            ||   124
       Short sword       ||    36
  Use: Scroll            ||     1
 Stab: Sleeping          ||    11
Armor: Robe              ||     9
Dodge: Dodged            ||    88
